 Dungeon Crawl Stone Soup version 0.28.0-1-gb440e238dd (webtiles) character file.

Game seed: 2211916582173959965

2 spaghetti the Sneak (level 1, 14/20 HPs)
             Began as a Deep Dwarf Delver on Feb 21, 2022.
             Quit the game on level 5 of the Dungeon.
             The game lasted 00:00:36 (190 turns).

spaghetti the Sneak (Deep Dwarf Delver)              Turns: 190, Time: 00:00:36

Health: 14/20      AC:  3    Str: 15    XL:     1   Next: 33%
Magic:  1/1        EV: 12    Int: 10    God:
Gold:   0          SH:  0    Dex: 14    Spells: 0/0 levels left

rFire   . . .      SeeInvis .   a - +0 hand axe
rCold   . . .      Faith    .   (no shield)
rNeg    . . .      Spirit   .   b - +0 leather armour
rPois   .          Reflect  .   (no helmet)
rElec   .          Harm     .   (no cloak)
rCorr   .          Rampage  .   (no gloves)
Will    .....                   (no boots)
Stlth   +++.......              (no amulet)
HPRegen 0.00/turn               (no ring)
MPRegen 0.07/turn               (no ring)

@: no status effects
A: damage resistance, heal wounds, sense surroundings 1, no regeneration
a: Heal Wounds


You were on level 5 of the Dungeon.
You visited 1 branch of the dungeon, and saw 2 of its levels.

Inventory:

Hand Weapons
 a - a +0 hand axe (weapon)
Armour
 b - a +0 leather armour (worn)
Wands
 g - a wand of digging (3)
Scrolls
 c - a scroll of teleportation {unknown}
 e - 2 scrolls of fear
 h - a scroll of immolation {unknown}
 i - a scroll of identify {unknown}
Potions
 d - a potion of might {unknown}
 f - a potion of haste


   Skills:
 + Level 2.7 Fighting
 + Level 2.2 Axes
 + Level 2.2 Dodging
 + Level 6.0 Stealth


You couldn't memorise any spells.
You didn't know any spells.
Your spell library was empty.

Dungeon Overview and Level Annotations

Branches:
Dungeon (5/15)
 Temple: D:4-7

Altars:


Innate Abilities, Weirdness & Mutations

You are resistant to damage.
You can heal yourself by infusing magical energy.
You passively map a small area around you.
You do not regenerate.


Message History

Found 6 poisoned darts.
The kobold shouts!
The endoplasm quivers.
Found a cloak and a leather armour.
The hobgoblin shouts!
The kobold shouts!
Found a fizzy cyan potion.
There are monsters nearby!
There are monsters nearby!
You hit the endoplasm.
The endoplasm is lightly wounded.
The endoplasm hits you but does no damage.
You hit the endoplasm.
The endoplasm is heavily wounded.
The centaur shouts!
The endoplasm barely misses you.
A centaur breaks down the door.
You barely miss the endoplasm.
The endoplasm is heavily wounded.
A goblin comes into view. It is wielding a +0 dagger.
The endoplasm misses you. The endoplasm freezes you.
You are frozen.
The adder hisses angrily.
The goblin shouts!
You hit the endoplasm. You punch the endoplasm.
You kill the endoplasm!
A necrophage breaks down the door.
Found 16 bolts.
The giant cockroach waves its antennae.
The hound closely misses you.
There is a stone staircase leading down here.
The hound bites you.
The kobold hits you with a +0 short sword.
You climb downwards.
You hear the hiss of flowing sand.
There is an entrance to an ossuary on this level.
Hurry and find it before the portal is buried!
You hear the hiss of a very distant avalanche of sand.
There is a stone staircase leading up here.
Unknown command.
Unknown command.
Okay, then.
Are you sure you want to abandon this character and quit the game? (Confirm with "yes".)

,,..###...#######.##
,,....#...# ####
,,........## #.##
,,.........#####..#
**................#
>*##..............#
,,♣##.........#...#
,,,,#......#..#..####
,,,*##.##.##.##.@h..#
8,,+,#.#..##...K....#
,,,*##.....###.)...##
,,,,#...o..##o...###
,,♣##...##..#....#
∩###.o...#.....###
##....(...#...##
.........######
...###....#


You could see a hound, an orc wizard and a kobold.

Vanquished Creatures
  An endoplasm (D:4)
  A ball python (D:4)
  A kobold (D:4)
3 creatures vanquished.

Notes
Turn   | Place    | Note
-------+----------+-------------------------------------------
     0 | D:5      | spaghetti the Deep Dwarf Delver began the quest for the
                  | Orb.
     0 | D:5      | Reached XP level 1. HP: 20/20 MP: 1/1
    99 | D:5      | Noticed an orc wizard
    99 | D:5      | Noticed an orc wizard
   168 | D:4      | Noticed a hound
   174 | D:4      | Noticed a centaur
   175 | D:4      | Noticed a necrophage
   190 | D:5      | Quit the game

Illustrated notes

Levels and vault maps discovered:
D:4:      layout_basic, temple_fountains, minmay_joined_circles
D:5:      cheibrodos_iron_armory, layout_cave_pools,
          makhleb_blood_cavern_becter, nicolae_ossuary_entry_monument

Action                   || total
-------------------------++-------
Melee: Hand axe          ||     8
       Punch             ||     1
  Use: Scroll            ||     2
 Stab: Sleeping          ||     2
Armor: Leather armour    ||     1
Dodge: Dodged            ||     4
